Map: [ESL] Ghost River

Players

VITSolar (Solar)

  • Race: Zerg Zerg
  • League: Master
  • Spawn Location: 11:00

Geralt (Gerald) - Winner!

  • Race: Protoss Protoss
  • League: Master
  • Spawn Location: 1:00

Event: Bellum Gens Elite Stara Zagora 2024

VOD

Have the link to the VOD?

Description

Time

  • Played on: Sept. 7, 2024, 6:08 a.m.
  • Length: 8:26

All games in this series

Show
View Real Time Build Order
Export as new Build Order

VITSolar Zerg 

Build Orders: Hatch First 

Get SALT Encoding   

  12  0:00  Drone  
  13  0:12  Overlord  
  13  0:16  Drone  
  14  0:31  Drone x2  
  16  0:48  Hatchery  
  15  0:51  Drone  
  15  0:54  Drone  
  17  0:58  Drone  
  18  1:14  Spawning Pool, Extractor  
  18  1:15  Drone  
  17  1:19  Drone  
  18  1:28  Drone  
  19  1:38  Drone  
  20  1:49  Overlord  
  20  2:01  Queen x2  
  20  2:02  Zergling x4  
  26  2:11  Drone x2  
  28  2:16  Metabolic Boost  
  29  2:22  Drone  
  29  2:23  Drone  
  30  2:35  Hatchery  
  29  2:39  Drone  
  30  2:47  Queen  
  30  2:49  Overlord  
  32  2:53  Zergling x4  
  32  2:56  Drone  
  35  3:00  Zergling x2  
  36  3:07  Queen  
  36  3:12  Drone x2  
  40  3:15  Zergling x4  
  40  3:18  Drone x2  
  44  3:23  Overlord  
  43  3:29  Evolution Chamber  
  43  3:30  Drone  
  43  3:36  Drone  
  43  3:41  Queen  
  43  3:42  Drone x2  
  43  3:47  Drone  
  48  3:48  Queen  
  48  3:52  Drone  
  48  3:54  Drone  
  52  3:57  Drone  
  52  3:58  Drone  
  52  4:00  Spore Crawler  
  52  4:01  Drone  
  54  4:06  Spore Crawler  
  54  4:07  Overlord  
  52  4:13  Queen  
  52  4:15  Drone  
  52  4:16  Drone  
  56  4:18  Drone  
  56  4:23  Overlord  
  57  4:28  Drone x4  
  57  4:30  Drone  
  62  4:32  Drone  
  62  4:33  Drone  
  62  4:35  Drone  
  62  4:36  Overlord  
  65  4:41  Overlord  
  65  4:46  Zergling x4  
  65  4:47  Drone  
  65  4:49  Drone x2  
  65  4:52  Spore Crawler  
  69  4:57  Drone x5  
  74  5:00  Drone x2  
  74  5:02  Drone  
  77  5:08  Roach Warren, Extractor  
  77  5:09  Extractor, Lair  
  77  5:11  Drone  
  74  5:14  Overlord  
  74  5:16  Overlord  
  74  5:18  Drone  
  74  5:19  Drone x2  
  74  5:20  Drone  
  78  5:21  Drone  
  78  5:26  Zergling x4  
  77  5:28  Extractor  
  77  5:29  Extractor  
  77  5:31  Drone x4  
  77  5:32  Drone  
  77  5:33  Drone, Evolution Chamber  
  80  5:36  Drone x2  
  80  5:42  Overlord  
  82  5:44  Drone  
  82  5:45  Zergling x6  
  82  5:47  Extractor  
  85  5:53  Hatchery  
  85  5:56  Drone, Overlord  
  85  5:57  Drone  
  86  6:04  Roach x3  
  86  6:06  Drone  
  86  6:07  Drone  
  86  6:08  Glial Reconstitution  
  93  6:12  Drone, Overseer  
  93  6:13  Infestation Pit  
  93  6:14  Overlord x2  
  93  6:15  Drone  
  93  6:16  Zergling x2  
  93  6:17  Zergling x2  
  96  6:24  Roach  
  97  6:27  Overlord  
  97  6:29  Zergling x8  
  97  6:31  Overlord  
  97  6:32  Overlord  
  100  6:41  Roach x6  
  110  6:47  Zergling x10  
  110  6:49  Hatchery  
  110  6:53  Hatchery  
  112  6:59  Roach x3  
  118  7:07  Overlord x2  
  118  7:17  Hydralisk Den  
  118  7:21  Roach x2  
  121  7:23  Drone x2  
  121  7:26  Drone  
  121  7:29  Drone x10  
  133  7:33  Overlord  
  133  7:37  Overlord  
  133  7:39  Overseer  
  133  7:40  Roach  
  133  7:43  Roach  
  137  7:50  Roach x2  
  135  7:53  Extractor x2  
  135  7:55  Lurker Den  
  135  7:57  Hydralisk x2  
  135  7:58  Hydralisk x2  
Show
View Real Time Build Order
Export as new Build Order

Geralt Protoss - Winner!

Build Orders: 1 Gate Expand, Oracle Opening 

Get SALT Encoding   

  12  0:00  Probe  
  13  0:12  Probe  
  14  0:18  Pylon  
  14  0:24  Probe (Chrono Boost)  
  15  0:37  Probe (Chrono Boost)  
  15  0:40  Gateway  
  16  0:45  Probe (Chrono Boost)  
  16  0:49  Assimilator  
  17  0:51  Probe  
  18  1:03  Probe  
  19  1:15  Probe  
  20  1:25  Nexus  
  20  1:31  Probe  
  21  1:38  Cybernetics Core  
  21  1:43  Probe  
  22  1:47  Assimilator  
  22  1:52  Pylon  
  22  1:58  Probe  
  23  2:10  Probe  
  23  2:12  Adept (Chrono Boost)  
  26  2:22  Stargate  
  26  2:23  Probe  
  27  2:32  Warp Gate  
  27  2:33  Adept (Chrono Boost)  
  27  2:35  Probe  
  30  2:38  Probe  
  31  2:47  Probe  
  32  2:53  Probe  
  32  2:56  Adept  
  35  3:06  Probe x2  
  35  3:08  Oracle (Chrono Boost)  
  40  3:18  Probe  
  40  3:19  Probe  
  42  3:24  Pylon  
  42  3:30  Probe  
  42  3:31  Probe  
  44  3:40  Oracle  
  42  3:42  Probe  
  42  3:43  Probe  
  42  3:48  Gateway  
  47  3:54  Probe  
  48  3:56  Probe  
  48  3:59  Pylon  
  49  4:06  Probe  
  49  4:08  Probe  
  51  4:15  Nexus  
  51  4:16  Pylon  
  51  4:18  Probe  
  51  4:20  Gateway x2, Probe  
  53  4:24  Assimilator  
  53  4:25  Adept  
  53  4:30  Probe  
  56  4:32  Probe  
  56  4:38  Pylon  
  57  4:42  Probe  
  57  4:44  Probe  
  59  4:48  Twilight Council  
  59  4:49  Forge  
  59  4:51  Stalker, Adept  
  63  4:55  Probe  
  63  4:56  Probe  
  63  4:59  Shield Battery, Pylon  
  65  5:05  Pylon  
  66  5:07  Probe  
  66  5:08  Probe  
  66  5:10  Assimilator  
  65  5:18  Adept x2  
  65  5:19  Stalker, Probe (Chrono Boost)  
  65  5:20  Probe (Chrono Boost)  
  73  5:27  Protoss Ground Weapons Level 1 (Chrono Boost)  
  74  5:30  Shield Battery, Blink (Chrono Boost)  
  74  5:32  Probe x2 (Chrono Boost)  
  74  5:34  Stalker  
  78  5:37  Probe (Chrono Boost)  
  78  5:40  Probe (Chrono Boost)  
  78  5:42  Probe (Chrono Boost)  
  80  5:43  Stalker, Probe (Chrono Boost)  
  80  5:46  Assimilator  
  83  5:56  Probe  
  84  5:57  Stalker x3, Pylon  
  84  6:00  Probe  
  84  6:02  Probe  
  92  6:06  Gateway  
  92  6:12  Stalker  
  92  6:13  Probe  
  92  6:15  Gateway  
  92  6:16  Probe  
  92  6:17  Probe  
  97  6:20  Gateway  
  97  6:25  Probe  
  97  6:31  Nexus  
  98  6:36  Pylon  
  98  6:39  Stalker x3  
  104  6:40  Probe  
  104  6:41  Probe  
  106  6:52  Probe  
  101  6:54  Probe  
  101  6:55  Pylon  
  101  6:57  Gateway  
  102  7:01  Stalker x2  
  106  7:08  Stalker  
  106  7:10  Stalker x3  
  114  7:17  Stalker  
  114  7:18  Probe  
  114  7:20  Probe  
  114  7:21  Probe  
  119  7:25  Pylon  
  119  7:26  Pylon x2  
  115  7:30  Probe  
  115  7:31  Templar Archives  
  115  7:32  Probe  
  115  7:33  Templar Archives, Probe  
  118  7:38  Photon Cannon  
  118  7:42  Probe  
  119  7:44  Stalker x2  
  119  7:45  Stalker  
  125  7:52  Stalker  
  125  7:53  Stalker  
  126  8:08  Stalker x2  
  126  8:09  Stalker, Zealot x3  
  126  8:10  Probe  
  125  8:21  Zealot x2  
Tags
 
Add a new tag
Caveats
  • Supply blocks, unpowered buildings, or Contaminate may cause inaccurate times.
  • Supply counts are checked every 10 seconds.